[Event "EIRCC 2019"]
[Site "Tallinn"]
[Date "2019.12.05"]
[Round "2.13"]
[White "Morgunov, Marc"]
[Black "Yuffa, Daniil"]
[Result "0-1"]
[ECO "B11"]
[WhiteElo "2182"]
[BlackElo "2587"]
[Annotator "ChessBase"]
[PlyCount "68"]
[EventDate "2019.12.05"]
[EventType "swiss"]
[EventCountry "EST"]
[SourceTitle "playchess.com"]
[Source "ChessBase"]
[SourceQuality "1"]
[TimeControl "900+10"]

1. e4 c6 2. Nc3 d5 3. Nf3 Bg4 4. h3 Bxf3 5. Qxf3 e6 6. Be2 Bc5 7. O-O Ne7 8. d3 O-O 9. Qg3 Nd7 10. Bd2 f5 11. exd5 exd5 12. Rae1 Nf6 13. Na4 Bd6 14. Bf4 Bxf4 15. Qxf4 Qa5 16. Nc3 Rae8 17. Bd1 Ng6 18. Qxf5 Ne4 19. Qg4 Nd2 20. Qd7 Ne5 21. Qxb7 Nxf1 22. Rxf1 Rf7 23. Qb3 Ref8 24. Qa4 Qb6 25. d4 Nc4 26. Bg4 Kh8 27. Be6 Rf6 28. Bxd5 Ne3 29. Ne4 Nxf1 30. Nxf6 gxf6 31. Bxc6 Nd2 32. b3 a5 33. Qb5 Qxb5 34. Bxb5 Rd8 0-1

[Event "EIRCC 2019"]
[Site "Tallinn"]
[Date "2019.12.05"]
[Round "2.15"]
[White "Babula, Vlastimil"]
[Black "Poznyak, Nazar"]
[Result "1-0"]
[ECO "E53"]
[WhiteElo "2559"]
[BlackElo "2176"]
[Annotator "ChessBase"]
[PlyCount "89"]
[EventDate "2019.12.05"]
[EventType "swiss"]
[EventCountry "EST"]
[SourceTitle "playchess.com"]
[Source "ChessBase"]
[SourceQuality "1"]
[TimeControl "900+10"]

1. d4 Nf6 2. c4 e6 3. Nc3 Bb4 4. e3 O-O 5. Bd3 d5 6. Nf3 c5 7. cxd5 exd5 8. dxc5 Nc6 9. O-O Bxc5 10. h3 Qe7 11. b3 Rd8 12. Bb2 Ne4 13. Rc1 Bf5 14. Ne2 Rac8 15. Nf4 h6 16. Qe2 g5 17. Nh5 Bg6 18. Bxe4 dxe4 19. Nf6+ Kf8 20. Nd2 Bb4 21. Rfd1 Rd6 22. Nc4 Rxf6 23. a3 b5 24. Ne5 Bf5 25. axb4 Nxe5 26. Rxc8+ Bxc8 27. Bxe5 Qxe5 28. Rd8+ Kg7 29. Rxc8 Ra6 30. g3 Qa1+ 31. Kg2 Ra2 32. Rc2 Rxc2 33. Qxc2 Qe5 34. g4 a6 35. Qc6 f5 36. Qb7+ Kf8 37. Qxa6 f4 38. Qxh6+ Ke7 39. h4 fxe3 40. fxe3 gxh4 41. Qxh4+ Kd7 42. Qh7+ Ke6 43. Qf5+ Qxf5 44. gxf5+ Kxf5 45. Kh3 1-0

[Event "EIRCC 2019"]
[Site "Tallinn"]
[Date "2019.12.05"]
[Round "2.16"]
[White "Stupak, Kirill"]
[Black "Loy, Konstantin"]
[Result "1-0"]
[ECO "A56"]
[WhiteElo "2552"]
[BlackElo "2154"]
[Annotator "ChessBase"]
[PlyCount "61"]
[EventDate "2019.12.05"]
[EventType "swiss"]
[EventCountry "EST"]
[SourceTitle "playchess.com"]
[Source "ChessBase"]
[SourceQuality "1"]
[TimeControl "900+10"]

1. d4 Nf6 2. c4 c5 3. Nf3 cxd4 4. Nxd4 e5 5. Nb5 d5 6. cxd5 Bc5 7. N5c3 O-O 8. e3 Qe7 9. a3 a5 10. Be2 e4 11. Nd2 Na6 12. Qc2 Re8 13. O-O Bf5 14. Rd1 Nc7 15. Nc4 Rad8 16. d6 Bxd6 17. Nxd6 Rxd6 18. Rxd6 Qxd6 19. h3 Na6 20. Bd2 Nc5 21. Nb5 Qb6 22. Bxa5 Qxa5 23. Qxc5 Qd2 24. Nd4 Qxb2 25. Qc1 Qxc1+ 26. Rxc1 Be6 27. Nxe6 Rxe6 28. Rc7 b6 29. Bc4 Re8 30. Bxf7+ Kf8 31. Bxe8 1-0

[Event "EIRCC 2019"]
[Site "Tallinn"]
[Date "2019.12.05"]
[Round "2.17"]
[White "Lehiste, Margus"]
[Black "Ruck, Robert"]
[Result "0-1"]
[ECO "E10"]
[WhiteElo "2177"]
[BlackElo "2551"]
[Annotator "ChessBase"]
[PlyCount "60"]
[EventDate "2019.12.05"]
[EventType "swiss"]
[EventCountry "EST"]
[SourceTitle "playchess.com"]
[Source "ChessBase"]
[SourceQuality "1"]
[TimeControl "900+10"]

1. d4 Nf6 2. c4 e6 3. Nf3 d5 4. g3 dxc4 5. Qa4+ Nbd7 6. Qxc4 a6 7. Bg2 b5 8. Qc2 Bb7 9. Bf4 c5 10. dxc5 Bxc5 11. O-O Rc8 12. Qb3 O-O 13. Nc3 Qb6 14. Ne5 Nxe5 15. Bxb7 Qxb7 16. Bxe5 Ng4 17. Bf4 Bd4 18. h3 Nf6 19. Rac1 h6 20. e3 Bxc3 21. Rxc3 Rxc3 22. Qxc3 Rc8 23. Qd3 Qf3 24. Qd1 Qe4 25. Qb1 Rc2 26. g4 Qc6 27. Rd1 Ne4 28. Bg3 Nxg3 29. Rd8+ Kh7 30. Rd2 Qh1# 0-1

[Event "EIRCC 2019"]
[Site "Tallinn"]
[Date "2019.12.05"]
[Round "2.18"]
[White "Kulaots, Kaido"]
[Black "Belous, Mikhail"]
[Result "1-0"]
[ECO "B90"]
[WhiteElo "2544"]
[BlackElo "2149"]
[Annotator "ChessBase"]
[PlyCount "93"]
[EventDate "2019.12.05"]
[EventType "swiss"]
[EventCountry "EST"]
[SourceTitle "playchess.com"]
[Source "ChessBase"]
[SourceQuality "1"]
[TimeControl "900+10"]

1. e4 c5 2. Nf3 d6 3. d4 cxd4 4. Nxd4 Nf6 5. Nc3 a6 6. Be3 e5 7. Nb3 Be6 8. Be2 Be7 9. h4 h5 10. Nd5 Bxd5 11. exd5 Nbd7 12. Qd2 Rc8 13. O-O-O Nb6 14. Kb1 Nbxd5 15. Bg5 b5 16. Bf3 e4 17. Be2 g6 18. f3 O-O 19. g4 hxg4 20. fxg4 Qc7 21. Nd4 e3 22. Bxe3 Ne4 23. Qd3 Nc5 24. Nxb5 Nxd3 25. Nxc7 Rxc7 26. Rxd3 Nxe3 27. Rxe3 a5 28. g5 Rb8 29. Bf3 Bf8 30. Bd5 Bg7 31. b3 Be5 32. h5 gxh5 33. g6 Kf8 34. gxf7 a4 35. Rxh5 Ke7 36. Rexe5+ dxe5 37. Rxe5+ Kf8 38. Rg5 Ke7 39. Rg8 Rf8 40. Kb2 axb3 41. axb3 Rc5 42. c4 Rcc8 43. Kc3 Kd6 44. Kd4 Rb8 45. b4 Ke7 46. b5 Rbd8 47. b6 {[%emt 0:00:18] Ke8 Ke4+} 1-0

[Event "EIRCC 2019"]
[Site "Tallinn"]
[Date "2019.12.05"]
[Round "2.19"]
[White "Peterson, Emery"]
[Black "Saric, Ante"]
[Result "0-1"]
[ECO "D00"]
[WhiteElo "2176"]
[BlackElo "2538"]
[Annotator "ChessBase"]
[PlyCount "78"]
[EventDate "2019.12.05"]
[EventType "swiss"]
[EventCountry "EST"]
[SourceTitle "playchess.com"]
[Source "ChessBase"]
[SourceQuality "1"]
[TimeControl "900+10"]

1. d4 Nf6 2. Nc3 d5 3. e4 Nxe4 4. Nxe4 dxe4 5. Be3 e6 6. f3 Bd7 7. Qd2 Bc6 8. Be2 Nd7 9. O-O-O Nf6 10. Kb1 Bd6 11. c4 Qd7 12. Qc3 a6 13. Nh3 exf3 14. gxf3 O-O-O 15. Rhg1 Rhg8 16. b4 Bxh2 17. Rg2 Bd6 18. Nf2 Nh5 19. Nd3 Ng3 20. Rxg3 Bxg3 21. Nc5 Qe8 22. b5 axb5 23. cxb5 Bd5 24. Qa5 b6 25. Qa6+ Kb8 26. Nd3 Bd6 27. Rc1 Bb7 28. Qa4 g5 29. Bd2 e5 30. d5 Bxd5 31. Bb4 Bb7 32. Bxd6 Rxd6 33. Nb4 Rd4 34. Bc4 Rg6 35. Qb3 Rf6 36. a4 Rxf3 37. Qb2 Qd7 38. a5 Rxc4 39. Rxc4 Qxb5 0-1

[Event "EIRCC 2019"]
[Site "Tallinn"]
[Date "2019.12.05"]
[Round "2.20"]
[White "Decosse, Jean-Fabien"]
[Black "Stocek, Jiri"]
[Result "0-1"]
[ECO "E46"]
[WhiteElo "2155"]
[BlackElo "2532"]
[Annotator "ChessBase"]
[PlyCount "76"]
[EventDate "2019.12.05"]
[EventType "swiss"]
[EventCountry "EST"]
[SourceTitle "playchess.com"]
[Source "ChessBase"]
[SourceQuality "1"]
[TimeControl "900+10"]

1. d4 Nf6 2. c4 e6 3. Nc3 Bb4 4. e3 O-O 5. Nge2 Re8 6. a3 Bf8 7. d5 a5 8. g3 Na6 9. Bg2 Nc5 10. b3 c6 11. Rb1 cxd5 12. cxd5 e5 13. O-O d6 14. b4 axb4 15. axb4 Ncd7 16. Na4 h5 17. e4 Be7 18. Bd2 h4 19. Qb3 Nh7 20. Rfc1 Bg5 21. f4 Bh6 22. Rc2 exf4 23. Nxf4 Nhf6 24. Ne6 fxe6 25. dxe6 Kh8 26. Bxh6 Ne5 27. Bf4 Bxe6 28. Qa3 b5 29. Rd1 Rxa4 30. Qc3 Nfg4 31. h3 Qb6+ 32. Kh1 Nf2+ 33. Rxf2 Qxf2 34. Rf1 Qa7 35. Bxe5 dxe5 36. Qxe5 Kg8 37. Qxb5 Qd7 38. Qc5 Bxh3 0-1

[Event "EIRCC 2019"]
[Site "Tallinn"]
[Date "2019.12.05"]
[Round "2.21"]
[White "Belyakov, Bogdan"]
[Black "Lupik, Marina"]
[Result "1-0"]
[ECO "B22"]
[WhiteElo "2520"]
[BlackElo "2147"]
[Annotator "ChessBase"]
[PlyCount "63"]
[EventDate "2019.12.05"]
[EventType "swiss"]
[EventCountry "EST"]
[SourceTitle "playchess.com"]
[Source "ChessBase"]
[SourceQuality "1"]
[TimeControl "900+10"]

1. e4 c5 2. c3 d6 3. d4 cxd4 4. cxd4 Nf6 5. Nc3 a6 6. Nf3 g6 7. h3 Bg7 8. a4 O-O 9. Bd3 Nc6 10. O-O e5 11. d5 Nb4 12. Be2 Bd7 13. a5 b6 14. axb6 Qxb6 15. Be3 Qb7 16. Nd2 Rfc8 17. Nc4 Rd8 18. Qb3 Bf8 19. Nb6 a5 20. Nxa8 Rxa8 21. Rfc1 Be8 22. f3 Nd7 23. Bb5 Nf6 24. Bxe8 Nxe8 25. Na2 Rb8 26. Nxb4 axb4 27. Qc4 Nf6 28. Ra7 Qb5 29. Qxb5 Rxb5 30. Rcc7 b3 31. Rxf7 Ra5 32. Rxf8+ 1-0

[Event "EIRCC 2019"]
[Site "Tallinn"]
[Date "2019.12.05"]
[Round "2.22"]
[White "Lumiste, Rene"]
[Black "Lintchevski, Daniil"]
[Result "0-1"]
[ECO "B18"]
[WhiteElo "2151"]
[BlackElo "2515"]
[Annotator "ChessBase"]
[PlyCount "50"]
[EventDate "2019.12.05"]
[EventType "swiss"]
[EventCountry "EST"]
[SourceTitle "playchess.com"]
[Source "ChessBase"]
[SourceQuality "1"]
[TimeControl "900+10"]

1. e4 c6 2. d4 d5 3. Nc3 dxe4 4. Nxe4 Bf5 5. Ng3 Bg6 6. Nh3 e6 7. Nf4 Qh4 8. c3 Nd7 9. Bc4 Ngf6 10. Nh3 h6 11. Nf4 Bh7 12. O-O Bd6 13. Qf3 O-O-O 14. Nd3 e5 15. dxe5 Qxc4 16. Nf5 Bxe5 17. Ne7+ Kb8 18. Nxe5 Nxe5 19. Bf4 Nfd7 20. Qg3 f6 21. Rfd1 Qf7 22. Nxc6+ bxc6 23. Rd6 Nb6 24. Rad1 Rxd6 25. Rxd6 Kb7 0-1

[Event "EIRCC 2019"]
[Site "Tallinn"]
[Date "2019.12.05"]
[Round "2.23"]
[White "Pershin, Denis"]
[Black "Buchcar, Tomas"]
[Result "1-0"]
[ECO "A56"]
[WhiteElo "2509"]
[BlackElo "2137"]
[Annotator "ChessBase"]
[PlyCount "49"]
[EventDate "2019.12.05"]
[EventType "swiss"]
[EventCountry "EST"]
[SourceTitle "playchess.com"]
[Source "ChessBase"]
[SourceQuality "1"]
[TimeControl "900+10"]

1. d4 Nf6 2. c4 c5 3. d5 e5 4. Nc3 d6 5. e4 Be7 6. Bd3 Nbd7 7. Nge2 h6 8. f3 Nf8 9. Ng3 Ng6 10. Nf5 O-O 11. g3 Re8 12. Be3 Bf8 13. Kf2 Ne7 14. g4 Nxf5 15. exf5 Be7 16. Qd2 Nh7 17. Rag1 Bg5 18. Bxg5 Qxg5 19. Qxg5 hxg5 20. Ne4 Rd8 21. h4 gxh4 22. Rxh4 Nf6 23. Nxf6+ gxf6 24. g5 Kg7 25. g6 1-0

[Event "EIRCC 2019"]
[Site "Tallinn"]
[Date "2019.12.05"]
[Round "2.24"]
[White "Belenkaya, Dina"]
[Black "Sebenik, Matej"]
[Result "0-1"]
[ECO "C00"]
[WhiteElo "2147"]
[BlackElo "2504"]
[Annotator "ChessBase"]
[PlyCount "92"]
[EventDate "2019.12.05"]
[EventType "swiss"]
[EventCountry "EST"]
[SourceTitle "playchess.com"]
[Source "ChessBase"]
[SourceQuality "1"]
[TimeControl "900+10"]

1. e4 e6 2. Qe2 c5 3. g3 Nc6 4. Nf3 d6 5. Bg2 Be7 6. O-O Bf6 7. c3 Nge7 8. d4 cxd4 9. cxd4 Nxd4 10. Nxd4 Bxd4 11. Rd1 e5 12. Nc3 a6 13. Be3 Nc6 14. Qd2 Bg4 15. f3 Be6 16. f4 f6 17. h3 Qb6 18. Bxd4 Qxd4+ 19. Qf2 Qxf2+ 20. Kxf2 Ke7 21. Rd2 Rac8 22. Rad1 Rhd8 23. Bf1 Nd4 24. g4 g6 25. Ke3 b5 26. f5 Bf7 27. h4 b4 28. Nb1 a5 29. a3 gxf5 30. gxf5 Bh5 31. Rxd4 exd4+ 32. Rxd4 Rc1 33. Nd2 bxa3 34. bxa3 Rc3+ 35. Rd3 Rdc8 36. Nb3 Rxd3+ 37. Bxd3 a4 38. Nd4 Rc3 39. Nc2 Bf7 40. Kd4 Rb3 41. Nb4 Rxa3 42. Nc6+ Kf8 43. Nd8 Ra1 44. Nb7 a3 45. Nxd6 a2 46. Nxf7 Rd1 0-1

[Event "EIRCC 2019"]
[Site "Tallinn"]
[Date "2019.12.05"]
[Round "2.26"]
[White "Semjonovs, Ilja"]
[Black "Kanep, Meelis"]
[Result "0-1"]
[ECO "A48"]
[WhiteElo "2141"]
[BlackElo "2466"]
[Annotator "ChessBase"]
[PlyCount "104"]
[EventDate "2019.12.05"]
[EventType "swiss"]
[EventCountry "EST"]
[SourceTitle "playchess.com"]
[Source "ChessBase"]
[SourceQuality "1"]
[TimeControl "900+10"]

1. d4 Nf6 2. Nf3 g6 3. Bg5 Bg7 4. Bxf6 Bxf6 5. e3 O-O 6. Bd3 d6 7. h4 e5 8. c3 Qe7 9. dxe5 dxe5 10. Nbd2 Nd7 11. Ne4 Nc5 12. Nxc5 Qxc5 13. Qc2 h5 14. O-O-O Bg7 15. Ng5 a5 16. Kb1 a4 17. a3 Qe7 18. f3 Bh6 19. g4 hxg4 20. fxg4 Bxg4 21. Rdg1 Bh5 22. Nxf7 Rxf7 23. Bxg6 Bxg6 24. Rxg6+ Bg7 25. h5 Kh8 26. h6 Bf6 27. Rhg1 Qf8 28. Qe4 Re8 29. Rg8+ Qxg8 30. Rxg8+ Rxg8 31. Qxb7 Kh7 32. Qe4+ Kxh6 33. Qxa4 Rg1+ 34. Ka2 Bg5 35. Qc6+ Kg7 36. e4 Re1 37. b4 Bd2 38. Kb3 Re3 39. Qd5 Bxc3 40. Kc4 Bd4 41. Qa5 c6 42. b5 Rc3+ 43. Kb4 Ra7 44. Qxa7+ Bxa7 45. Kxc3 cxb5 46. Kb4 Kf6 47. Kxb5 Kg5 48. Kc4 Kf4 49. Kd5 Bb6 50. Kc6 Ba5 51. Kd5 Bd2 52. a4 Be1 0-1

[Event "EIRCC 2019"]
[Site "Tallinn"]
[Date "2019.12.05"]
[Round "2.27"]
[White "Loginov, Valery A"]
[Black "Ladopoulos, Dimitrios"]
[Result "1-0"]
[ECO "E68"]
[WhiteElo "2461"]
[BlackElo "2128"]
[Annotator "ChessBase"]
[PlyCount "73"]
[EventDate "2019.12.05"]
[EventType "swiss"]
[EventCountry "EST"]
[SourceTitle "playchess.com"]
[Source "ChessBase"]
[SourceQuality "1"]
[TimeControl "900+10"]

1. Nf3 Nf6 2. g3 g6 3. c4 Bg7 4. Nc3 O-O 5. d4 d6 6. Bg2 Nbd7 7. O-O e5 8. e4 c6 9. Rb1 Re8 10. d5 Nc5 11. Ne1 a5 12. Nd3 Nxd3 13. Qxd3 c5 14. b3 Bd7 15. a3 b6 16. b4 Qc7 17. bxc5 bxc5 18. Bd2 Reb8 19. Rxb8+ Rxb8 20. Rb1 h5 21. Qc2 h4 22. Nb5 Bxb5 23. Rxb5 hxg3 24. hxg3 Rxb5 25. cxb5 c4 26. a4 Qc5 27. Bf3 Qa3 28. Kg2 Qb3 29. Bd1 Nxe4 30. Qxb3 cxb3 31. Bxb3 Nc5 32. Bxa5 Nxb3 33. Bb4 Bf6 34. b6 Bd8 35. a5 Nc5 36. Bxc5 dxc5 37. d6 1-0

[Event "EIRCC 2019"]
[Site "Tallinn"]
[Date "2019.12.05"]
[Round "2.28"]
[White "Kastner, Walter"]
[Black "Thorfinnsson, Bragi"]
[Result "0-1"]
[ECO "A48"]
[WhiteElo "2139"]
[BlackElo "2457"]
[Annotator "ChessBase"]
[PlyCount "78"]
[EventDate "2019.12.05"]
[EventType "swiss"]
[EventCountry "EST"]
[SourceTitle "playchess.com"]
[Source "ChessBase"]
[SourceQuality "1"]
[TimeControl "900+10"]

1. d4 Nf6 2. Nf3 g6 3. Nbd2 d5 4. b4 Bg7 5. e3 c6 6. Be2 O-O 7. O-O a5 8. b5 c5 9. c3 c4 10. Ne5 Bf5 11. Re1 Nfd7 12. Nxd7 Nxd7 13. Bf3 Nb6 14. e4 dxe4 15. Nxe4 Nd5 16. Bd2 Rc8 17. Ng3 Bd3 18. Bxd5 Qxd5 19. a4 e5 20. dxe5 Bxe5 21. Qc1 Rfe8 22. Be3 h5 23. Ne2 h4 24. h3 Bb8 25. Qd2 Qd6 26. f4 Re4 27. Nd4 Qf6 28. Nf3 Rce8 29. Bd4 Qxf4 30. Qxf4 Bxf4 31. Rxe4 Rxe4 32. Nxh4 Rxd4 33. cxd4 c3 34. Nf3 Be3+ 35. Kh1 c2 36. Ne1 Be4 37. Nxc2 Bxc2 38. Re1 Bxd4 39. Re7 b6 0-1

[Event "EIRCC 2019"]
[Site "Tallinn"]
[Date "2019.12.05"]
[Round "2.30"]
[White "Neff, Sergei"]
[Black "Galopoulos, Nikolaos"]
[Result "0-1"]
[ECO "A04"]
[WhiteElo "2131"]
[BlackElo "2439"]
[Annotator "NA"]
[PlyCount "62"]
[EventDate "2019.12.05"]
[EventType "swiss"]
[EventCountry "EST"]
[SourceTitle "playchess.com"]
[Source "ChessBase"]
[SourceQuality "1"]
[TimeControl "900+10"]

1. Nf3 c5 2. g3 Nc6 3. d4 cxd4 4. Nxd4 g6 5. Bg2 Bg7 6. c3 d5 7. Nxc6 bxc6 8. e4 Nf6 9. Bg5 Rb8 10. b3 Bg4 11. f3 Be6 12. O-O Qb6+ 13. Kh1 dxe4 14. fxe4 O-O 15. Qe1 Rfd8 16. Be3 Qa6 17. Bc5 Rd7 18. Nd2 Qd3 19. Bd4 Ng4 20. e5 c5 21. Be4 Qb5 22. a4 Qa5 23. b4 cxb4 24. cxb4 Rxb4 25. Bc3 Bxe5 26. Bxb4 Qxb4 27. Rd1 Bc3 28. Rb1 Rxd2 29. Qxd2 Bxd2 30. Rxb4 Bxb4 31. Kg2 Ne3+ 0-1

[Event "EIRCC 2019"]
[Site "Tallinn"]
[Date "2019.12.05"]
[Round "2.31"]
[White "Mustaps, Matiss"]
[Black "Antoms, Guntars"]
[Result "1-0"]
[ECO "B01"]
[WhiteElo "2435"]
[BlackElo "2118"]
[Annotator "NA"]
[PlyCount "73"]
[EventDate "2019.12.05"]
[EventType "swiss"]
[EventCountry "EST"]
[SourceTitle "playchess.com"]
[Source "ChessBase"]
[SourceQuality "1"]
[TimeControl "900+10"]

1. e4 d5 2. exd5 Qxd5 3. Nc3 Qa5 4. d4 Nf6 5. Nf3 Nc6 6. d5 Nb4 7. Bb5+ c6 8. dxc6 bxc6 9. Ba4 Ne4 10. a3 Nxc3 11. axb4 Qxa4 12. Rxa4 Nxd1 13. Kxd1 Bg4 14. Be3 e6 15. c3 Bd6 16. Ke2 O-O 17. h3 Bh5 18. Rd1 Bc7 19. Rd7 Bb6 20. Bxb6 axb6 21. Rxa8 Rxa8 22. Rc7 h6 23. g4 Bg6 24. Ne5 Ra2 25. Nxg6 Rxb2+ 26. Ke3 fxg6 27. Rxc6 Rc2 28. Kd3 Rxf2 29. Rxb6 Rf3+ 30. Kc4 Rxh3 31. Rxe6 Rg3 32. b5 Rxg4+ 33. Kc5 Rg5+ 34. Kc6 Rg1 35. b6 Kf7 36. Re4 Rc1 37. Rc4 1-0

[Event "EIRCC 2019"]
[Site "Tallinn"]
[Date "2019.12.05"]
[Round "2.32"]
[White "Siemer, Tambet"]
[Black "Cerveny, Martin"]
[Result "0-1"]
[ECO "D14"]
[WhiteElo "2128"]
[BlackElo "2432"]
[Annotator "NA"]
[PlyCount "72"]
[EventDate "2019.12.05"]
[EventType "swiss"]
[EventCountry "EST"]
[SourceTitle "playchess.com"]
[Source "ChessBase"]
[SourceQuality "1"]
[TimeControl "900+10"]

1. d4 d5 2. c4 c6 3. cxd5 cxd5 4. Nc3 Nc6 5. Nf3 Nf6 6. Bf4 Bf5 7. e3 e6 8. Ne5 Nxe5 9. Bxe5 Nd7 10. Qb3 Qb6 11. Bb5 Kd8 12. Qa4 Nxe5 13. dxe5 Bc5 14. O-O a6 15. b4 Bxe3 16. Nxd5 exd5 17. fxe3 Be6 18. Be2 Qxe3+ 19. Rf2 Qxe5 20. Rd1 Ke7 21. Bf3 Rhd8 22. Re2 Qc3 23. Bxd5 b5 24. Qb3 Qxb3 25. Bxb3 Rxd1+ 26. Bxd1 Rd8 27. Bb3 Rd4 28. a3 Rd3 29. Bxe6 fxe6 30. a4 bxa4 31. Re5 Rd5 32. Re2 a3 33. Ra2 Rd3 34. Kf1 Rb3 35. Ke1 Kd6 36. Kd1 Kd5 0-1

[Event "EIRCC 2019"]
[Site "Tallinn"]
[Date "2019.12.05"]
[Round "2.33"]
[White "Usmanov, Vasily"]
[Black "Player, Edmund C"]
[Result "1-0"]
[ECO "A06"]
[WhiteElo "2428"]
[BlackElo "2117"]
[Annotator "NA"]
[PlyCount "99"]
[EventDate "2019.12.05"]
[EventType "swiss"]
[EventCountry "EST"]
[SourceTitle "playchess.com"]
[Source "ChessBase"]
[SourceQuality "1"]
[TimeControl "900+10"]

1. Nf3 d5 2. e3 Bg4 3. c4 e6 4. cxd5 Bxf3 5. gxf3 exd5 6. Qb3 b6 7. Nc3 Nf6 8. Rg1 g6 9. d4 Bg7 10. Rg5 c6 11. Qa3 Nbd7 12. Ba6 Qc7 13. Bd2 Bf8 14. Qb3 Bd6 15. Rc1 Qb8 16. Na4 b5 17. Rxc6 bxa4 18. Qxb8+ Rxb8 19. Rxd6 h6 20. Rgxd5 Nxd5 21. Rxd5 Nb6 22. Re5+ Kf8 23. Bc3 Rd8 24. e4 Kg7 25. d5 Kh7 26. Re7 Rd7 27. Rxd7 Nxd7 28. Bxh8 Kxh8 29. Bb5 Nc5 30. d6 Kg7 31. Bxa4 Kf6 32. Bb3 g5 33. Kd2 Nd7 34. Ke3 Ke5 35. Bxf7 Kxd6 36. f4 gxf4+ 37. Kxf4 Ne5 38. Bb3 Nd3+ 39. Ke3 Ne5 40. f4 Ng4+ 41. Kd4 Nxh2 42. e5+ Ke7 43. Bd1 Nf1 44. f5 Ng3 45. f6+ Kf7 46. Bb3+ Kg6 47. Bc2+ Kf7 48. Kd5 h5 49. Kd6 h4 50. e6+ 1-0

[Event "EIRCC 2019"]
[Site "Tallinn"]
[Date "2019.12.05"]
[Round "2.34"]
[White "Grewenig, Jan"]
[Black "Mohr, Georg"]
[Result "1-0"]
[ECO "B00"]
[WhiteElo "2122"]
[BlackElo "2424"]
[Annotator "NA"]
[PlyCount "65"]
[EventDate "2019.12.05"]
[EventType "swiss"]
[EventCountry "EST"]
[SourceTitle "playchess.com"]
[Source "ChessBase"]
[SourceQuality "1"]
[TimeControl "900+10"]

1. e4 Nc6 2. Nf3 d6 3. d4 Nf6 4. Nc3 Bg4 5. Bb5 a6 6. Bxc6+ bxc6 7. h3 Bh5 8. g4 Bg6 9. Qe2 e6 10. Nh4 d5 11. Nxg6 hxg6 12. Bg5 Be7 13. Bxf6 Bxf6 14. O-O-O Qd6 15. a3 Qf4+ 16. Kb1 Kd7 17. Rd3 Qg5 18. f4 Qh4 19. Na4 Be7 20. c4 dxe4 21. Qxe4 Qf2 22. Nc5+ Bxc5 23. dxc5+ Ke7 24. Qxc6 Rhd8 25. Qxc7+ Ke8 26. Rhd1 Rdc8 27. Qe5 Rab8 28. Qxg7 Qxf4 29. Qg8+ Ke7 30. Rd7+ Kf6 31. Qxf7+ Kg5 32. Qe7+ Kh6 33. Qh4# 1-0

[Event "EIRCC 2019"]
[Site "Tallinn"]
[Date "2019.12.05"]
[Round "2.35"]
[White "Pohjala, Henri"]
[Black "Dumcheva, Julia"]
[Result "1-0"]
[ECO "A45"]
[WhiteElo "2418"]
[BlackElo "2113"]
[Annotator "RC"]
[PlyCount "77"]
[EventDate "2019.12.05"]
[EventType "swiss"]
[EventCountry "EST"]
[SourceTitle "playchess.com"]
[Source "ChessBase"]
[SourceQuality "1"]
[TimeControl "900+10"]

1. d4 Nf6 2. Bg5 Ne4 3. Bf4 d5 4. e3 f5 5. Bd3 Nf6 6. Nf3 e6 7. O-O Be7 8. Nbd2 O-O 9. Ne5 Nbd7 10. Bg3 c5 11. c3 Nxe5 12. Bxe5 b6 13. Qe2 a5 14. Kh1 Bd6 15. Bxd6 Qxd6 16. f4 c4 17. Bc2 b5 18. Nf3 b4 19. a3 Bd7 20. Ne5 Rfb8 21. g4 bxc3 22. bxc3 Rb2 23. gxf5 exf5 24. Rfb1 Rab8 25. Qd1 Ne4 26. Qc1 Rxb1 27. Rxb1 Be8 28. Rxb8 Qxb8 29. Bxe4 fxe4 30. f5 Qb6 31. Qf1 Qh6 32. Qf2 Qg5 33. h4 Qh5 34. Kh2 Qd1 35. Kg3 Qc1 36. f6 gxf6 37. Ng4 f5 38. Qxf5 Bf7 39. Nh6+ 1-0

[Event "EIRCC 2019"]
[Site "Tallinn"]
[Date "2019.12.05"]
[Round "2.36"]
[White "D`costa, Lorin"]
[Black "Bossy, Arnim"]
[Result "0-1"]
[ECO "A80"]
[WhiteElo "2407"]
[BlackElo "2108"]
[Annotator "NA"]
[PlyCount "68"]
[EventDate "2019.12.05"]
[EventType "swiss"]
[EventCountry "EST"]
[SourceTitle "playchess.com"]
[Source "ChessBase"]
[SourceQuality "1"]
[TimeControl "900+10"]

1. d4 f5 2. Bg5 g6 3. Nc3 Bg7 4. h4 h6 5. Bf4 Nf6 6. Qd2 d6 7. O-O-O Nc6 8. e3 e6 9. Kb1 Qe7 10. f3 Bd7 11. Bg3 e5 12. Nge2 a6 13. Nc1 O-O-O 14. Bf2 Kb8 15. Bc4 Ka8 16. Rhe1 e4 17. a3 Bc8 18. Nd5 Nxd5 19. Bxd5 Bd7 20. Na2 Qe8 21. Nc3 exf3 22. gxf3 Ne7 23. Bb3 Ng8 24. e4 fxe4 25. fxe4 Nf6 26. Bg1 Ng4 27. Nd5 Kb8 28. Qa5 Rc8 29. Nb4 Rd8 30. e5 dxe5 31. dxe5 Bb5 32. a4 Rxd1+ 33. Rxd1 Qxe5 34. c3 Bd3+ 0-1

[Event "EIRCC 2019"]
[Site "Tallinn"]
[Date "2019.12.05"]
[Round "3.6"]
[White "Blohberger, Felix"]
[Black "Demidov, Mikhail"]
[Result "0-1"]
[ECO "A04"]
[WhiteElo "2316"]
[BlackElo "2635"]
[Annotator "RC"]
[PlyCount "242"]
[EventDate "2019.12.05"]
[EventType "swiss"]
[EventCountry "EST"]
[SourceTitle "playchess.com"]
[Source "ChessBase"]
[SourceQuality "1"]
[TimeControl "900+10"]

1. Nf3 g6 2. e4 Bg7 3. d4 a6 4. c4 d6 5. Nc3 Bg4 6. Be2 c5 7. d5 Bxf3 8. Bxf3 b5 9. cxb5 axb5 10. Nxb5 Qa5+ 11. Nc3 Bxc3+ 12. bxc3 Qxc3+ 13. Bd2 Qd4 14. O-O Nf6 15. Qc2 Nbd7 16. Bc3 Qa4 17. Qxa4 Rxa4 18. Rfe1 O-O 19. e5 Nxe5 20. Bxe5 dxe5 21. Rxe5 Ra7 22. Rae1 Rb8 23. Rc1 Kf8 24. Re2 Ne8 25. Rec2 Nd6 26. g3 h5 27. h4 Rba8 28. Rxc5 Rxa2 29. Kg2 Rd2 30. R5c2 Rd4 31. Re1 Ra7 32. Rb2 Kg7 33. Rbe2 Kf6 34. Rb2 Rc7 35. Ra2 Rd3 36. Be4 Rb3 37. Bf3 Rcc3 38. Be2 Rb4 39. Bf3 Rb7 40. Rd2 Rbb3 41. Be2 Ra3 42. Kg1 Ra4 43. Bf1 Nf5 44. Bg2 Rd4 45. Rde2 Rc7 46. Be4 Nd6 47. Bg2 Rdc4 48. Re3 Nf5 49. R3e2 Rc1 50. Kh2 Rxe1 51. Rxe1 Rc2 52. Kg1 Rd2 53. Ra1 Nd6 54. Re1 Rd3 55. Ra1 Rd4 56. Re1 Rb4 57. Ra1 g5 58. hxg5+ Kxg5 59. Re1 Kf6 60. Re3 h4 61. Rf3+ Kg7 62. gxh4 Rxh4 63. Rg3+ Kf8 64. Re3 Rb4 65. Re5 Rb1+ 66. Kh2 Rd1 67. Bf3 Rd4 68. Kg2 Rb4 69. Kg3 Rb3 70. Kg2 Rb7 71. Bg4 Kg7 72. Bf3 Kf6 73. Rh5 Rb3 74. Rh6+ Kg5 75. Rh5+ Kg6 76. Re5 Kf6 77. Rh5 Rb4 78. Rh6+ Kg7 79. Rh5 Kg6 80. Re5 Kf6 81. Re1 Rd4 82. Ra1 Nf5 83. Rh1 Nh4+ 84. Kg3 Kg5 85. Rh2 Rb4 86. Rh1 Ra4 87. Rh2 f5 88. Rh3 f4+ 89. Kh2 Ra2 90. Kg1 Ra1+ 91. Kh2 Rf1 92. Rxh4 Kxh4 93. Kg2 Ra1 94. Kh2 Ra2 95. Kg2 Rd2 96. Be4 Kg4 97. Bf3+ Kf5 98. Kf1 Ke5 99. Ke1 Ra2 100. Kf1 Rb2 101. Ke1 Kd4 102. Kf1 Rb8 103. Ke2 Rb1 104. Kd2 Rb2+ 105. Ke1 Kd3 106. Kf1 Kd2 107. Be4 Rb4 108. Bf3 Ra4 109. Bg4 Ra2 110. Bf3 Ra1+ 111. Kg2 Ke1 112. Bh5 Ra5 113. Bf7 Ra2 114. Kf3 Rxf2+ 115. Ke4 Re2+ 116. Kf3 Rf2+ 117. Ke4 Kf1 118. Bh5 Kg2 119. Ke5 f3 120. Kf4 Rf1 121. Bg4 f2 0-1